AoeStats
← tomischmidd

Black Forest

506034609Analyzed
2v2 RM · 19d ago on Sep 12, 2026· 38m 15s· 4 players
Game mode
Random Map
Map size
Medium (4 player)
Population
200
Speed
Normal
Resources
Standard
Victory
Conquest
Starting age
Dark Age
Ending age
Imperial Age
RankedLock teamsTeams togetherTeam positionsShared explorationLock speedFull tech treeHidden civsTurbo modeCheats
Victory
Defeat
🇦🇷 Huns · Argentina
488
+16
🇦🇷 Vietnamese · Argentina
486
+16
🇩🇪 Hindustanis · Germany
518
-17
🇺🇸 Persians · United States
463
-15
Vikingo7256
0:43 Loom
14:16 Feudal Age
18:36 Horse Collar
18:43 Double-Bit Axe
18:52 Gold Mining
18:54 Stone Mining
19:24 Town Watch
24:24 Wheelbarrow
27:48 Castle Age
28:34 Town Patrol
28:50 Hand Cart
29:45 Caravan
31:18 Marauders
32:29 Scale Barding Armor
32:35 Forging
34:19 Husbandry
34:30 Bloodlines
39:59 Imperial Age
tomischmidd
1:00 Loom
14:13 Feudal Age
14:23 Man-at-Arms
15:44 Arson
17:15 Horse Collar
18:35 Gold Mining
21:34 Scale Mail Armor
hemroid eliminator
4:51 Loom
15:13 Feudal Age
16:23 Wheelbarrow
15:38 Double-Bit Axe
19:30 Scale Barding Armor
20:53 Stone Mining
21:27 Man-at-Arms
26:19 Scale Mail Armor
Komparse
1:12 Loom
13:14 Feudal Age
13:44 Double-Bit Axe
19:53 Stone Mining
19:53 Gold Mining
19:53 Horse Collar
23:54 Wheelbarrow
23:05 Town Watch
28:29 Castle Age
27:26 Forging
27:16 Scale Mail Armor
27:07 Fletching
27:33 Padded Archer Armor
28:00 Scale Barding Armor
29:32 Bow Saw
29:25 Heavy Plow
31:55 Gold Shaft Mining
31:55 Stone Shaft Mining
31:27 Caravan
31:39 Arson
31:55 Squires
35:54 Grand Trunk Road
Connection lost

Rejoining the realm…

Still unreachable

The connection could not be restored.

Session expired

The server has moved on; the page needs a fresh start.